 Dungeon Sprint DCSS version 0.32-a0-128-g77eb882913 (webtiles) character file.

Game seed: 13328746556583657523

17 rocky1 the Shooter (level 2, -8/23 HPs)
             Began as a Formicid Hunter on Feb 8, 2024.
             Was a Priest of Cheibriados.
             Mangled by an ogre
             ... wielding a +0 giant club
              (18 damage)
             ... in the Dungeon (Sprint VII: "The Pits").
             The game lasted 00:01:17 (237 turns).

rocky1 the Shooter (Formicid Hunter)                 Turns: 237, Time: 00:01:18

Health: -8/23      AC:  3    Str: 22    XL:     2   Next: 80%
Magic:  3/3        EV: 13    Int: 15    God:    Cheibriados [***...]
Gold:   0          SH:  0    Dex: 24    Spells: 1/1 levels left

rFire   . . .        b - +2 falchion
rCold   . . .        (no shield)
rNeg    . . .        c - +0 leather armour
rPois   .            (helmet unavailable)
rElec   .            (no cloak)
rCorr   .            (no gloves)
SInv    +            (no boots)
Will    .....        (no amulet)
Stlth   ++           (no ring)
HPRegen 0.23/turn    (no ring)
MPRegen 0.08/turn

%: no passive effects
@: very slow
A: permanent stasis, dig shafts and tunnels, antennae 3, four strong arms
a: Dig, Renounce Religion, Bend Time, Temporal Distortion


You were in the Dungeon.
You worshipped Cheibriados.
Cheibriados was most pleased with you.
You visited 1 branch

Inventory:

Hand Weapons
 a - a +0 shortbow
 b - a +2 falchion (weapon)
Armour
 c - a +0 leather armour (worn)
Scrolls
 g - 2 scrolls of butterflies
 i - 2 scrolls of vulnerability
 j - 5 scrolls of amnesia
Potions
 d - a potion of curing
 e - a potion of heal wounds
 f - 4 potions of magic
 h - 2 potions of invisibility


   Skills:
 + Level 2.6 Fighting
 + Level 5.6 Ranged Weapons
 + Level 2.0 Dodging
 * Level 2.4 Stealth
 * Level 2.0 Invocations


You had one spell level left.
You didn't know any spells.
Your spell library was empty.

Dungeon Overview and Level Annotations

Branches:
Dungeon (1/1)

Altars:
Ashenzari
Cheibriados
Dithmenos
Elyvilon
Fedhas
Gozag
Hepliaklqana
Kikubaaqudgha
Makhleb
Nemelex Xobeh
Okawaru
Qazlal
Ru
Sif Muna
Trog
Uskayaw
Vehumet
Wu Jian
Xom
Yredelemnul
Zin
The Shining One
Jiyva
Lugonu


Innate Abilities, Weirdness & Mutations

You cannot be hasted, slowed, berserked, paralysed or teleported.
You can dig through walls and to a lower floor.
You have a pair of large antennae on your head. (SInv)
Your four strong arms can wield two-handed weapons with a shield.


Message History

Cheibriados appreciates the change of pace.
Cheibriados raises the support of your attributes as your movement slows.
You shoot an arrow. The arrow hits the rat!
You kill the rat!
Cheibriados appreciates the change of pace.
You can now warp the flow of time around you.
Cheibriados raises the support of your attributes as your movement slows.
An ogre comes into view. It is wielding a +0 giant club.
You shoot an arrow. The arrow hits the ogre.
The ogre is lightly wounded.
You shoot an arrow. The arrow barely misses the ogre.
The ogre barely misses you.
You shoot an arrow. The arrow hits the ogre!
The ogre is moderately wounded.
The ogre hits you with a +0 giant club!
Ouch! That really hurt!
You are too injured to fight recklessly!
You are too injured to fight recklessly!
You are too injured to fight recklessly!
You are too injured to fight recklessly!
You are too injured to fight recklessly!
You are too injured to fight recklessly!
You are too injured to fight recklessly!
You are too injured to fight recklessly!
You are too injured to fight recklessly!
You are too injured to fight recklessly!
You are too injured to fight recklessly!
You are too injured to fight recklessly!
You are too injured to fight recklessly!
You are too injured to fight recklessly!
Unknown command.
You are too injured to fight recklessly!
b - a +2 falchion (weapon)
Unknown command.
You slash the ogre!
The ogre is severely wounded.
The ogre hits you with a +0 giant club!!
Ouch! That really hurt!
You die...
Cheibriados appreciates the motionlessness of death.

#..(!')))'.##......#..#
##########.##..........
#...........'..........
#+#####†#####......#..#
#.,#...'.##..........
#..#...#.#####'#####+
#.†#####.##.......#
#..'...#.##.......#
#..O@..).##.......#
#†.########...<...# #.,
#.......# #{{ #.......#
#.......# { {{
######### {


You could see an ogre.

Vanquished Creatures
  An adder (D)
  An orc (D)
  A giant cockroach (D)
  A jackal (D)
  A quokka (D)
  A ball python zombie (D)
  A frilled lizard (D)
  A rat (D)
8 creatures vanquished.

Notes
Turn   | Place    | Note
-------+----------+-------------------------------------------
     0 | D        | rocky1 the Formicid Hunter began the quest for the Orb.
     0 | D        | Reached XP level 1. HP: 16/16 MP: 1/1
    21 | D        | Found a bloodstained altar of Trog.
    21 | D        | Found a shimmering blue altar of Sif Muna.
    21 | D        | Found a viscous altar of Jiyva.
    21 | D        | Found a hazy altar of Hepliaklqana.
    21 | D        | Found an opulent altar of Gozag.
    47 | D        | Found a glowing golden altar of the Shining One.
    47 | D        | Found a glowing silver altar of Zin.
    47 | D        | Found a basalt altar of Yredelemnul.
    47 | D        | Found a shimmering altar of Xom.
    47 | D        | Found an ornate altar of the Wu Jian Council.
    47 | D        | Found a sacrificial altar of Ru.
    47 | D        | Found a stormy altar of Qazlal.
    47 | D        | Found an iron altar of Okawaru.
    47 | D        | Found a sparkling altar of Nemelex Xobeh.
    47 | D        | Found a burning altar of Makhleb.
    47 | D        | Found a blossoming altar of Fedhas.
    47 | D        | Found a white marble altar of Elyvilon.
    47 | D        | Found a shadowy altar of Dithmenos.
    47 | D        | Found a snail-covered altar of Cheibriados.
    50 | D        | Found a corrupted altar of Lugonu.
    50 | D        | Found a radiant altar of Vehumet.
    51 | D        | Found an ancient bone altar of Kikubaaqudgha.
    51 | D        | Found a hide-covered altar of Uskayaw.
    51 | D        | Found a broken altar of Ashenzari.
    60 | D        | Became a worshipper of Cheibriados the Contemplative
    85 | D        | Reached * piety under Cheibriados
   100 | D        | Reached skill level 5 in Ranged Weapons
   100 | D        | Reached skill level 1 in Invocations
   100 | D        | Reached XP level 2. HP: 23/23 MP: 1/3
   103 | D        | Reached ** piety under Cheibriados
   232 | D        | Reached *** piety under Cheibriados
   232 | D        | Noticed an ogre
   237 | D        | Mangled by an ogre

Illustrated notes

Levels and vault maps discovered:
D:        pitsprint [storerooms_1, entrance_room_1, metal_vault_3, armoury_2,
          mini_pit_1, grid_room_1, main_hall_1, silver_pit, the_coven_3,
          the_vestibule_1, steel_vault_4, golden_pit, hallway_of_sentries,
          crystal_vault_3, iron_vault_4, final_vault]

Skill      XL: |  1  2 |
---------------+-------+-----
Ranged Weapons | 5 |  5.6
Dodging        | 2 |  2.0
Stealth        | 2 |  2.4
Invocations    | 1 2 |  2.0
Fighting       | |  2.6

Action                     || total
---------------------------++-------
  Melee: Falchion          ||     1
   Fire: Shortbow          ||    25
Ability: Dig               ||     1
 Armour: Leather armour    ||     6
  Dodge: Dodged            ||    11

Table legend: (Time is in decaauts)
 A = Elapsed time spent in this place.
 B = Non-inter-level travel time spent in this place.
 C = Inter-level travel time spent in this place.
 D = Time resting spent in this place.
 E = Time spent auto-exploring this place.
 F = Levels seen in this place.
 G = Mean time per level.
                   A        B        C        D        E       F      G
               +--------+--------+--------+--------+--------+-----+--------+
         Total |    250 |    250 |      0 |    120 |      0 |   1 |  250.0 |
       Dungeon |    250 |    250 |      0 |    120 |      0 |   1 |  250.0 |
               +--------+--------+--------+--------+--------+-----+--------+

Top non-repeatable levels by time:
       D: 250 daAuts
